[ AOE2 MATCH · #482576355 ]
Team RMBritons vs Khmer
[ REPLAY ANALYSIS · EXTRACTED FROM THE RECORDED GAME ]
Feudal
11:00
Castle
17:54
Imperial
36:56
| APM avg | 21.4 |
| APM peak | 56 |
| eAPM avg | 14.2 |
| Villagers / military | 130 / 246 |
Focus
⚔️ 30.0% · 🌾 70.0%
Longbowman ×136 · Knight ×81 · Archer ×28 · Scout Cavalry ×1
Feudal
10:47
Castle
21:29
Imperial
32:28
| APM avg | 14.3 |
| APM peak | 39 |
| eAPM avg | 9.4 |
| Villagers / military | 87 / 100 |
Focus
⚔️ 23.8% · 🌾 76.2%
Samurai ×85 · Knight ×13 · Trebuchet (Packed) ×2
Feudal
10:36
Castle
18:30
Imperial
34:45
| APM avg | 37.3 |
| APM peak | 105 |
| eAPM avg | 28.9 |
| Villagers / military | 136 / 97 |
Focus
⚔️ 15.2% · 🌾 84.8%
Ballista Elephant ×40 · Spearman ×38 · Trebuchet (Packed) ×11 · Unknown (882) ×6 · Battering Ram ×3 · Scorpion ×2
Feudal
11:57
Castle
20:32
Imperial
36:11
| APM avg | 33.5 |
| APM peak | 88 |
| eAPM avg | 16.2 |
| Villagers / military | 78 / 163 |
Focus
⚔️ 27.7% · 🌾 72.3%
Berserk ×113 · Knight ×30 · Militia ×10 · Mangonel ×6 · Battering Ram ×3 · Scout Cavalry ×1
Feudal
11:46
Castle
17:58
Imperial
34:28
| APM avg | 33.7 |
| APM peak | 73 |
| eAPM avg | 16.6 |
| Villagers / military | 137 / 165 |
Focus
⚔️ 30.6% · 🌾 69.4%
Skirmisher ×72 · Genoese Crossbowman ×36 · Spearman ×33 · Unknown (882) ×20 · Monk ×5 · Archer ×5
Feudal
10:15
Castle
18:57
Imperial
34:18
| APM avg | 21.3 |
| APM peak | 46 |
| eAPM avg | 16.0 |
| Villagers / military | 132 / 116 |
Focus
⚔️ 29.1% · 🌾 70.9%
Scout Cavalry ×46 · Scorpion ×36 · Knight ×13 · Coustillier ×10 · Flemish Militia ×9 · Monk ×1
Feudal
11:14
Castle
17:35
Imperial
—
| APM avg | 31.1 |
| APM peak | 89 |
| eAPM avg | 13.1 |
| Villagers / military | 100 / 16 |
Focus
⚔️ 13.7% · 🌾 86.3%
Cavalry Archer ×12 · Skirmisher ×3 · Scorpion ×1
Feudal
11:10
Castle
15:09
Imperial
39:07
| APM avg | 22.7 |
| APM peak | 61 |
| eAPM avg | 14.9 |
| Villagers / military | 132 / 67 |
Focus
⚔️ 31.2% · 🌾 68.8%
Militia ×39 · Battering Ram ×19 · Spearman ×5 · Mangonel ×4
Match map
Resources at game start + every placement click. Thick line = wall · dashed box = detected house wall. 🟡 gold · ⚪ stone · 🟢 berries · 🔶 boar · ⭕ relic
Inputs per minute
— COCO - - Le_Dov
Build order — COCO
First 150 of 317 actions detected
| 0:05 | Build | House |
| 0:05 | Create | Villager (Male) |
| 0:05 | Create | Villager (Male) |
| 0:06 | Create | Villager (Male) |
| 0:06 | Create | Villager (Male) |
| 0:06 | Create | Villager (Male) |
| 0:39 | Build | House |
| 0:40 | Build | House |
| 0:41 | Build | House |
| 1:28 | Create | Villager (Male) |
| 1:28 | Create | Villager (Male) |
| 1:51 | Create | Villager (Male) |
| 1:52 | Create | Villager (Male) |
| 2:13 | Create | Villager (Male) |
| 2:13 | Create | Villager (Male) |
| 2:31 | Create | Villager (Male) |
| 2:31 | Create | Villager (Male) |
| 2:53 | Create | Villager (Male) |
| 2:53 | Create | Villager (Male) |
| 3:39 | Create | Villager (Male) |
| 3:39 | Create | Villager (Male) |
| 3:40 | Create | Villager (Male) |
| 3:53 | Build | Mill |
| 3:57 | Create | Villager (Male) |
| 3:57 | Create | Villager (Male) |
| 4:13 | Create | Villager (Male) |
| 4:14 | Create | Villager (Male) |
| 4:31 | Create | Villager (Male) |
| 4:32 | Create | Villager (Male) |
| 4:44 | Create | Villager (Male) |
| 4:44 | Create | Villager (Male) |
| 5:00 | Create | Villager (Male) |
| 5:17 | Create | Villager (Male) |
| 5:18 | Create | Villager (Male) |
| 5:23 | Create | Villager (Male) |
| 5:24 | Create | Villager (Male) |
| 5:24 | Create | Villager (Male) |
| 6:50 | Build | Lumber Camp |
| 7:00 | Build | House |
| 7:06 | Create | Villager (Male) |
| 7:06 | Create | Villager (Male) |
| 7:31 | Build | House |
| 7:35 | Create | Villager (Male) |
| 8:36 | Research | Feudal Age |
| 8:57 | Build | Mill |
| 9:42 | Create | Villager (Male) ×5 |
| 10:56 | Build | Farm |
| 10:58 | Build | Farm |
| 10:58 | Build | Farm |
| 11:00 | Build | Farm |
| 11:00 | Age | Feudal Age |
| 11:02 | Build | Farm |
| 11:06 | Research | Horse Collar |
| 11:22 | Research | Double-Bit Axe |
| 11:32 | Build | Blacksmith |
| 11:45 | Build | Market |
| 11:53 | Create | Villager (Male) |
| 12:11 | Build | Mining Camp |
| 12:39 | Build | Stone Wall |
| 12:42 | Build | Building 490 |
| 13:14 | Create | Villager (Male) |
| 13:15 | Create | Villager (Male) |
| 13:37 | Build | Mining Camp |
| 13:59 | Build | Farm |
| 14:00 | Build | Farm |
| 14:01 | Build | Farm |
| 14:03 | Build | Farm |
| 14:04 | Build | Farm |
| 14:05 | Build | Farm |
| 14:07 | Build | Farm |
| 14:08 | Build | Farm |
| 14:20 | Build | House |
| 14:22 | Build | House |
| 14:40 | Build | Farm |
| 15:14 | Research | Castle Age |
| 15:29 | Create | Villager (Male) |
| 16:37 | Create | Villager (Male) |
| 16:38 | Create | Villager (Male) |
| 16:38 | Create | Villager (Male) |
| 17:18 | Build | Mining Camp |
| 17:38 | Build | Mining Camp |
| 17:43 | Create | Villager (Male) |
| 17:54 | Age | Castle Age |
| 17:57 | Build | Town Center |
| 18:05 | Build | Town Center |
| 18:10 | Research | Bow Saw |
| 18:13 | Research | Heavy Plow |
| 18:22 | Research | Gold Mining |
| 18:37 | Build | Barracks |
| 18:49 | Build | House |
| 18:50 | Build | House |
| 18:51 | Build | House |
| 18:52 | Build | House |
| 19:02 | Create | Villager (Male) ×2 |
| 19:29 | Build | Archery Range |
| 19:38 | Create | Villager (Male) |
| 19:38 | Create | Villager (Male) |
| 19:38 | Create | Villager (Male) |
| 19:43 | Create | Villager (Male) |
| 19:44 | Create | Villager (Male) |
| 19:55 | Create | Villager (Male) |
| 19:55 | Create | Villager (Male) |
| 20:03 | Build | Archery Range |
| 20:14 | Build | Farm |
| 20:14 | Create | Villager (Male) |
| 20:15 | Create | Villager (Male) |
| 20:17 | Create | Villager (Male) |
| 20:18 | Create | Villager (Male) |
| 20:20 | Create | Archer |
| 20:20 | Create | Archer |
| 20:20 | Create | Archer |
| 20:29 | Create | Villager (Male) |
| 20:29 | Create | Villager (Male) |
| 20:36 | Build | Farm |
| 20:43 | Build | Farm |
| 20:44 | Create | Villager (Male) |
| 20:44 | Create | Villager (Male) |
| 20:49 | Create | Archer |
| 20:50 | Create | Archer |
| 20:58 | Create | Villager (Male) |
| 20:58 | Create | Villager (Male) |
| 21:05 | Build | Farm |
| 21:08 | Build | Farm |
| 21:09 | Create | Villager (Male) |
| 21:09 | Create | Villager (Male) |
| 21:16 | Build | Farm |
| 21:23 | Research | Padded Archer Armor |
| 21:28 | Create | Archer |
| 21:28 | Create | Archer |
| 21:28 | Create | Archer |
| 21:34 | Create | Villager (Male) |
| 21:40 | Build | Farm |
| 21:46 | Create | Villager (Male) |
| 21:52 | Create | Archer |
| 21:52 | Create | Archer |
| 22:12 | Build | Farm |
| 22:19 | Research | Crossbowman (upgrade) |
| 22:23 | Create | Archer |
| 22:23 | Create | Archer |
| 22:29 | Create | Villager (Male) |
| 22:29 | Create | Villager (Male) |
| 22:35 | Build | Farm |
| 22:45 | Create | Archer |
| 22:45 | Create | Archer |
| 22:48 | Create | Villager (Male) |
| 22:48 | Create | Villager (Male) |
| 22:51 | Build | Farm |
| 23:14 | Create | Villager (Male) |
| 23:14 | Create | Villager (Male) |
| 23:15 | Create | Villager (Male) |
Build order — Le_Dov
First 150 of 237 actions detected
| 0:03 | Create | Villager (Male) |
| 0:04 | Create | Villager (Male) |
| 0:04 | Create | Villager (Male) |
| 0:04 | Create | Villager (Male) |
| 0:04 | Create | Villager (Male) |
| 0:13 | Build | House |
| 0:16 | Build | House |
| 1:39 | Create | Villager (Male) |
| 1:39 | Create | Villager (Male) |
| 2:37 | Create | Villager (Male) |
| 2:48 | Create | Villager (Male) |
| 3:20 | Create | Villager (Male) |
| 3:35 | Build | Mill |
| 3:43 | Build | Lumber Camp |
| 3:46 | Create | Villager (Male) |
| 4:14 | Create | Villager (Male) |
| 4:14 | Create | Villager (Male) |
| 4:23 | Build | House |
| 4:30 | Create | Villager (Male) |
| 4:44 | Create | Villager (Male) |
| 5:29 | Create | Villager (Male) |
| 5:46 | Create | Villager (Male) |
| 6:14 | Create | Villager (Male) |
| 6:15 | Create | Villager (Male) |
| 6:30 | Create | Villager (Male) |
| 6:40 | Build | House |
| 7:47 | Create | Villager (Male) |
| 7:54 | Create | Villager (Male) |
| 8:09 | Build | Mining Camp |
| 8:21 | Build | Mining Camp |
| 8:26 | Create | Villager (Male) |
| 8:37 | Research | Feudal Age |
| 8:39 | Research | Loom |
| 9:09 | Build | Palisade Gate |
| 9:16 | Build | Palisade Wall |
| 9:26 | Build | Palisade Wall |
| 10:06 | Build | House |
| 10:47 | Age | Feudal Age |
| 10:50 | Create | Villager (Male) |
| 11:01 | Research | Double-Bit Axe |
| 11:04 | Research | Horse Collar |
| 11:52 | Build | Barracks |
| 11:56 | Create | Villager (Male) |
| 11:57 | Create | Villager (Male) |
| 11:57 | Create | Villager (Male) |
| 12:26 | Build | Farm |
| 12:55 | Build | Blacksmith |
| 13:01 | Build | Farm |
| 13:03 | Create | Villager (Male) |
| 13:16 | Build | Farm |
| 13:36 | Create | Villager (Male) |
| 13:40 | Build | Farm |
| 13:55 | Build | Market |
| 13:59 | Create | Villager (Male) |
| 14:04 | Build | Farm |
| 14:14 | Build | House |
| 14:24 | Create | Villager (Male) |
| 14:24 | Create | Villager (Male) |
| 14:30 | Build | Farm |
| 14:56 | Build | Farm |
| 15:02 | Create | Villager (Male) |
| 15:23 | Build | Farm |
| 15:31 | Create | Villager (Male) |
| 15:50 | Build | Farm |
| 15:52 | Build | Farm |
| 15:56 | Create | Villager (Male) |
| 16:12 | Build | Farm |
| 16:25 | Build | House |
| 16:42 | Build | Farm |
| 16:43 | Create | Villager (Male) |
| 16:55 | Create | Villager (Male) |
| 17:15 | Build | Mill |
| 17:22 | Build | Farm |
| 17:28 | Create | Villager (Male) |
| 17:37 | Build | Farm |
| 17:51 | Build | Stable |
| 17:53 | Create | Villager (Male) |
| 18:03 | Build | Farm |
| 18:15 | Create | Villager (Male) |
| 18:35 | Build | Lumber Camp |
| 18:41 | Build | Farm |
| 18:49 | Research | Castle Age |
| 19:03 | Build | House |
| 19:28 | Build | Stone Wall |
| 19:33 | Build | Building 487 |
| 19:41 | Build | Stone Wall |
| 19:48 | Build | Stone Wall |
| 20:00 | Research | Forging |
| 20:01 | Research | Scale Mail Armor |
| 20:08 | Research | Gold Mining |
| 20:08 | Research | Stone Mining |
| 20:29 | Build | House |
| 20:40 | Research | Arson |
| 21:18 | Research | Wheelbarrow |
| 21:19 | Create | Villager (Male) |
| 21:22 | Create | Villager (Male) |
| 21:22 | Create | Villager (Male) |
| 21:23 | Create | Villager (Male) |
| 21:23 | Create | Villager (Male) |
| 21:29 | Age | Castle Age |
| 21:38 | Research | Squires |
| 21:53 | Research | Iron Casting |
| 22:19 | Research | Chain Mail Armor |
| 22:59 | Build | Town Center |
| 23:01 | Create | Villager (Male) |
| 23:33 | Create | Villager (Male) |
| 23:34 | Create | Villager (Male) |
| 24:09 | Create | Villager (Male) |
| 24:09 | Create | Villager (Male) |
| 24:10 | Create | Villager (Male) |
| 24:10 | Create | Villager (Male) |
| 24:26 | Build | Castle |
| 24:37 | Create | Villager (Male) |
| 24:40 | Research | Hand Cart |
| 24:58 | Create | Villager (Male) |
| 25:34 | Create | Villager (Male) |
| 25:34 | Create | Villager (Male) |
| 25:47 | Research | Heavy Plow |
| 25:59 | Build | Siege Workshop |
| 26:13 | Create | Samurai ×5 |
| 26:13 | Create | Samurai ×5 |
| 26:13 | Create | Samurai ×5 |
| 27:09 | Create | Villager (Male) |
| 27:09 | Create | Villager (Male) |
| 27:09 | Create | Villager (Male) |
| 27:10 | Create | Villager (Male) |
| 27:16 | Build | House |
| 27:39 | Build | House |
| 27:48 | Build | Farm |
| 27:52 | Build | Farm |
| 27:52 | Build | Farm |
| 27:53 | Build | Farm |
| 27:57 | Build | Farm |
| 28:02 | Create | Villager (Male) |
| 28:03 | Create | Villager (Male) |
| 28:03 | Create | Villager (Male) |
| 28:03 | Create | Villager (Male) |
| 29:12 | Build | Castle |
| 29:18 | Research | Imperial Age |
| 29:20 | Create | Villager (Male) |
| 29:21 | Create | Villager (Male) |
| 29:22 | Create | Villager (Male) |
| 30:02 | Create | Knight |
| 30:03 | Create | Knight |
| 30:03 | Create | Knight |
| 30:03 | Create | Knight |
| 30:04 | Create | Knight |
| 30:05 | Create | Knight |
| 30:05 | Create | Knight |
| 30:05 | Create | Knight |
Build order — tanbuiminh2000
First 150 of 370 actions detected
| 0:03 | Build | House |
| 0:04 | Create | Villager (Male) |
| 0:05 | Create | Villager (Male) |
| 0:19 | Create | Villager (Male) |
| 0:19 | Create | Villager (Male) |
| 0:19 | Create | Villager (Male) |
| 1:06 | Build | House |
| 1:43 | Create | Villager (Male) |
| 2:09 | Create | Villager (Male) |
| 2:48 | Create | Villager (Male) |
| 3:23 | Create | Villager (Male) |
| 3:23 | Create | Villager (Male) |
| 3:53 | Create | Villager (Male) |
| 3:54 | Create | Villager (Male) |
| 3:54 | Create | Villager (Male) |
| 4:23 | Build | Palisade Wall |
| 4:26 | Build | Palisade Gate |
| 4:30 | Build | Palisade Gate |
| 4:41 | Create | Villager (Male) |
| 4:41 | Create | Villager (Male) |
| 4:42 | Create | Villager (Male) |
| 4:58 | Build | Mill |
| 5:25 | Create | Villager (Male) |
| 6:02 | Research | Loom |
| 6:18 | Build | House |
| 7:37 | Build | Lumber Camp |
| 8:18 | Research | Feudal Age |
| 9:25 | Build | Farm |
| 9:26 | Build | Farm |
| 9:27 | Build | Farm |
| 10:34 | Create | Villager (Male) |
| 10:34 | Create | Villager (Male) |
| 10:36 | Age | Feudal Age |
| 10:47 | Research | Double-Bit Axe |
| 10:57 | Build | Farm |
| 11:02 | Build | Farm |
| 11:09 | Build | Mining Camp |
| 11:12 | Create | Villager (Male) |
| 11:32 | Build | House |
| 11:53 | Create | Villager (Male) |
| 11:55 | Create | Villager (Male) |
| 12:02 | Create | Villager (Male) |
| 12:48 | Build | Farm |
| 12:49 | Build | Farm |
| 12:51 | Create | Villager (Male) |
| 13:01 | Build | Market |
| 13:12 | Create | Villager (Male) |
| 13:41 | Build | Farm |
| 13:42 | Build | Farm |
| 13:43 | Build | Farm |
| 13:55 | Create | Villager (Male) |
| 14:07 | Build | House |
| 14:12 | Build | House |
| 14:26 | Create | Villager (Male) |
| 14:31 | Create | Villager (Male) |
| 14:36 | Build | House |
| 14:37 | Build | House |
| 14:59 | Build | Blacksmith |
| 15:13 | Create | Villager (Male) |
| 15:32 | Build | Mining Camp |
| 15:50 | Research | Castle Age |
| 16:08 | Build | Lumber Camp |
| 16:45 | Research | Stone Mining |
| 16:46 | Research | Gold Mining |
| 16:56 | Research | Horse Collar |
| 18:25 | Research | Wheelbarrow |
| 18:30 | Age | Castle Age |
| 18:32 | Create | Villager (Male) |
| 18:32 | Create | Villager (Male) |
| 18:49 | Build | Town Center |
| 19:28 | Research | Bow Saw |
| 20:17 | Create | Villager (Male) |
| 20:17 | Create | Villager (Male) |
| 20:28 | Create | Villager (Male) |
| 20:28 | Create | Villager (Male) |
| 20:28 | Create | Villager (Male) |
| 20:43 | Build | Town Center |
| 20:56 | Create | Villager (Male) |
| 20:56 | Create | Villager (Male) |
| 20:56 | Create | Villager (Male) |
| 20:56 | Create | Villager (Male) |
| 21:11 | Research | Heavy Plow |
| 21:20 | Build | Castle |
| 21:26 | Create | Villager (Male) |
| 21:26 | Create | Villager (Male) |
| 21:26 | Create | Villager (Male) |
| 21:44 | Research | Gold Mining |
| 21:58 | Create | Villager (Male) |
| 22:13 | Create | Villager (Male) |
| 22:16 | Create | Villager (Male) |
| 22:37 | Build | Siege Workshop |
| 22:45 | Create | Villager (Male) |
| 22:58 | Create | Villager (Male) |
| 23:01 | Build | Farm |
| 23:14 | Create | Battering Ram |
| 23:17 | Create | Battering Ram |
| 23:17 | Create | Battering Ram |
| 23:31 | Create | Scorpion |
| 23:41 | Build | Lumber Camp |
| 23:56 | Build | Farm |
| 23:56 | Build | Farm |
| 23:58 | Build | Farm |
| 23:58 | Build | Farm |
| 23:59 | Build | Farm |
| 23:59 | Build | Farm |
| 24:00 | Build | Farm |
| 24:01 | Build | Farm |
| 24:01 | Build | Farm |
| 24:02 | Build | Farm |
| 24:03 | Build | Farm |
| 24:03 | Build | Farm |
| 24:03 | Build | Farm |
| 24:04 | Build | Farm |
| 24:04 | Build | Farm |
| 24:05 | Create | Villager (Male) |
| 24:06 | Create | Villager (Male) |
| 24:06 | Create | Villager (Male) |
| 24:06 | Create | Villager (Male) |
| 24:22 | Create | Mangonel |
| 24:22 | Create | Mangonel |
| 24:52 | Research | Padded Archer Armor |
| 24:53 | Research | Fletching |
| 24:59 | Build | Farm |
| 25:00 | Build | Farm |
| 25:00 | Build | Farm |
| 25:01 | Build | Farm |
| 25:01 | Build | Farm |
| 25:01 | Build | Farm |
| 25:02 | Build | Farm |
| 25:03 | Build | Farm |
| 25:03 | Build | Farm |
| 25:04 | Build | Farm |
| 25:05 | Build | Farm |
| 25:06 | Build | Farm |
| 25:10 | Create | Villager (Male) |
| 25:11 | Create | Villager (Male) |
| 25:11 | Create | Villager (Male) |
| 25:22 | Create | Villager (Male) |
| 25:22 | Create | Villager (Male) |
| 25:26 | Create | Villager (Male) |
| 25:26 | Create | Villager (Male) |
| 25:26 | Create | Villager (Male) |
| 25:29 | Create | Villager (Male) |
| 25:47 | Create | Scorpion |
| 26:00 | Create | Petard |
| 26:19 | Create | Villager (Male) |
| 26:19 | Create | Villager (Male) |
| 26:20 | Create | Villager (Male) |
| 26:20 | Create | Villager (Male) |
| 26:20 | Create | Villager (Male) |
Build order — Yuanchi
First 150 of 215 actions detected
| 0:04 | Build | House |
| 0:05 | Build | House |
| 0:06 | Build | House |
| 0:10 | Create | Villager (Male) ×4 |
| 1:37 | Create | Villager (Male) |
| 2:14 | Create | Villager (Male) |
| 2:38 | Create | Villager (Male) |
| 3:07 | Create | Villager (Male) |
| 3:14 | Create | Villager (Male) |
| 3:40 | Create | Villager (Male) |
| 4:35 | Research | Loom |
| 4:36 | Create | Villager (Male) ×2 |
| 5:26 | Create | Villager (Male) |
| 6:45 | Create | Villager (Male) ×5 |
| 6:45 | Create | Villager (Male) ×5 |
| 7:33 | Build | Mill |
| 7:44 | Build | Lumber Camp |
| 8:02 | Create | Villager (Male) |
| 8:09 | Build | House |
| 8:12 | Build | House |
| 9:36 | Research | Feudal Age |
| 9:52 | Build | Mill |
| 10:24 | Create | Villager (Male) ×3 |
| 10:43 | Create | Villager (Male) |
| 11:36 | Create | Villager (Male) ×3 |
| 11:57 | Age | Feudal Age |
| 12:06 | Build | Stone Wall |
| 12:19 | Build | Building 665 |
| 12:27 | Build | House |
| 12:32 | Build | Mining Camp |
| 12:43 | Research | Horse Collar |
| 12:46 | Research | Double-Bit Axe |
| 12:50 | Build | Blacksmith |
| 12:59 | Build | Market |
| 13:03 | Build | Farm |
| 13:19 | Create | Villager (Male) ×3 |
| 13:32 | Research | Gold Mining |
| 13:43 | Build | Farm |
| 13:43 | Build | Farm |
| 13:43 | Build | Farm |
| 14:08 | Create | Villager (Male) |
| 14:08 | Create | Villager (Male) |
| 14:14 | Build | Farm |
| 14:14 | Build | Farm |
| 14:14 | Build | Farm |
| 14:16 | Build | Farm |
| 14:29 | Build | Farm |
| 14:38 | Build | Farm |
| 14:44 | Build | House |
| 15:02 | Build | Farm |
| 15:17 | Build | Farm |
| 15:45 | Build | Farm |
| 15:49 | Build | Farm |
| 16:16 | Build | Mining Camp |
| 16:19 | Build | Farm |
| 16:53 | Build | Farm |
| 17:04 | Build | Mining Camp |
| 17:52 | Research | Castle Age |
| 17:52 | Research | Castle Age |
| 18:15 | Research | Stone Mining |
| 19:49 | Build | Barracks |
| 20:00 | Research | Forging |
| 20:01 | Research | Scale Mail Armor |
| 20:32 | Age | Castle Age |
| 20:34 | Build | University |
| 20:39 | Research | Bow Saw |
| 20:52 | Build | Town Center |
| 20:55 | Research | Man-at-Arms (upgrade) |
| 21:05 | Research | Fortified Wall (upgrade) |
| 21:18 | Research | Gold Shaft Mining |
| 21:29 | Build | House |
| 21:37 | Create | Villager (Male) ×3 |
| 21:38 | Create | Villager (Male) ×3 |
| 21:41 | Create | Villager (Male) |
| 21:44 | Create | Villager (Male) |
| 22:14 | Build | Town Center |
| 22:18 | Create | Villager (Male) |
| 22:22 | Build | Farm |
| 22:54 | Research | Long Swordsman (upgrade) |
| 23:01 | Build | Stone Wall |
| 23:11 | Create | Militia ×5 |
| 23:19 | Create | Villager (Male) ×2 |
| 23:31 | Build | Stone Wall |
| 23:35 | Build | Building 673 |
| 23:47 | Create | Militia ×3 |
| 24:07 | Create | Villager (Male) |
| 24:41 | Build | Castle |
| 24:45 | Create | Villager (Male) ×5 |
| 25:03 | Create | Villager (Male) ×3 |
| 25:07 | Build | Farm |
| 25:07 | Build | Farm |
| 25:07 | Build | Farm |
| 25:07 | Build | Farm |
| 25:07 | Build | Farm |
| 25:08 | Build | Farm |
| 25:08 | Build | Farm |
| 25:14 | Create | Villager (Male) |
| 25:14 | Create | Villager (Male) |
| 25:14 | Create | Villager (Male) |
| 25:39 | Create | Militia ×2 |
| 25:45 | Build | Stable |
| 25:58 | Build | Farm |
| 26:01 | Build | Farm |
| 26:06 | Build | Farm |
| 26:07 | Build | Farm |
| 26:07 | Build | Farm |
| 26:10 | Create | Villager (Male) |
| 26:10 | Create | Villager (Male) |
| 26:11 | Create | Villager (Male) |
| 26:13 | Create | Villager (Male) |
| 26:40 | Create | Knight ×2 |
| 26:46 | Build | Stable |
| 26:48 | Create | Villager (Male) |
| 27:35 | Create | Knight ×4 |
| 27:36 | Create | Knight ×4 |
| 27:46 | Build | Farm |
| 27:51 | Build | Farm |
| 27:54 | Build | Farm |
| 27:56 | Research | Town Watch |
| 28:04 | Build | Farm |
| 28:13 | Create | Knight |
| 28:27 | Build | Siege Workshop |
| 28:34 | Create | Berserk ×5 |
| 28:35 | Create | Berserk ×3 |
| 29:00 | Create | Villager (Male) |
| 29:00 | Create | Villager (Male) |
| 29:00 | Create | Villager (Male) |
| 29:05 | Build | Lumber Camp |
| 29:10 | Create | Battering Ram |
| 29:10 | Create | Battering Ram |
| 29:21 | Create | Scout Cavalry |
| 29:49 | Build | House |
| 29:52 | Build | House |
| 29:53 | Build | House |
| 29:54 | Build | House |
| 29:55 | Build | House |
| 29:56 | Build | House |
| 29:56 | Build | House |
| 29:58 | Build | House |
| 30:24 | Create | Battering Ram |
| 31:32 | Build | Farm |
| 31:33 | Build | Farm |
| 31:34 | Build | Farm |
| 31:36 | Build | Farm |
| 31:43 | Create | Villager (Male) |
| 31:49 | Create | Villager (Male) ×5 |
| 32:56 | Build | Farm |
| 33:00 | Build | Farm |
| 33:01 | Research | Imperial Age |
| 33:12 | Create | Berserk ×5 |
Build order — Scout Conquer
First 150 of 408 actions detected
| 0:02 | Create | Villager (Male) ×4 |
| 0:05 | Build | House |
| 0:07 | Build | House |
| 1:28 | Create | Villager (Male) |
| 1:29 | Create | Villager (Male) |
| 2:06 | Create | Villager (Male) |
| 2:06 | Create | Villager (Male) |
| 2:32 | Create | Villager (Male) |
| 2:32 | Create | Villager (Male) |
| 2:32 | Create | Villager (Male) |
| 2:44 | Build | Lumber Camp |
| 2:55 | Create | Villager (Male) |
| 2:55 | Create | Villager (Male) |
| 3:24 | Create | Villager (Male) |
| 3:24 | Create | Villager (Male) |
| 4:08 | Build | House |
| 4:11 | Create | Villager (Male) |
| 4:11 | Create | Villager (Male) |
| 4:45 | Build | House |
| 4:48 | Build | Palisade Gate |
| 4:51 | Build | Palisade Wall |
| 4:53 | Build | Palisade Wall |
| 4:53 | Build | Palisade Wall |
| 4:56 | Build | Palisade Gate |
| 5:01 | Create | Villager (Male) |
| 5:04 | Create | Villager (Male) |
| 5:05 | Create | Villager (Male) |
| 5:05 | Create | Villager (Male) |
| 5:35 | Create | Villager (Male) |
| 6:05 | Create | Villager (Male) |
| 6:45 | Create | Villager (Male) |
| 7:08 | Create | Villager (Male) |
| 7:12 | Build | Mill |
| 7:35 | Create | Villager (Male) |
| 8:00 | Create | Villager (Male) |
| 8:24 | Create | Villager (Male) |
| 8:36 | Create | Villager (Male) |
| 9:26 | Research | Feudal Age |
| 9:27 | Research | Loom |
| 10:23 | Build | Mill |
| 10:44 | Build | Mill |
| 11:46 | Age | Feudal Age |
| 11:48 | Create | Villager (Male) |
| 11:56 | Research | Double-Bit Axe |
| 12:01 | Build | House |
| 12:11 | Create | Villager (Male) |
| 12:18 | Build | Mining Camp |
| 12:57 | Research | Horse Collar |
| 12:58 | Create | Villager (Male) |
| 13:12 | Build | Market |
| 13:16 | Build | House |
| 13:21 | Build | House |
| 13:23 | Create | Villager (Male) |
| 13:49 | Create | Villager (Male) |
| 14:00 | Build | Farm |
| 14:07 | Create | Villager (Male) |
| 14:37 | Create | Villager (Male) |
| 14:45 | Build | Blacksmith |
| 15:05 | Build | Farm |
| 15:06 | Build | Farm |
| 15:08 | Build | Farm |
| 15:09 | Build | Farm |
| 15:11 | Build | Farm |
| 15:12 | Build | Farm |
| 15:14 | Build | Farm |
| 15:15 | Build | Farm |
| 15:18 | Research | Castle Age |
| 15:35 | Build | House |
| 16:57 | Build | House |
| 17:06 | Build | House |
| 17:07 | Build | House |
| 17:14 | Build | House |
| 17:15 | Build | House |
| 17:17 | Build | House |
| 17:18 | Build | House |
| 17:58 | Age | Castle Age |
| 18:01 | Build | Town Center |
| 18:04 | Create | Villager (Male) |
| 18:04 | Create | Villager (Male) |
| 18:06 | Create | Villager (Male) |
| 18:11 | Build | Town Center |
| 18:22 | Research | Heavy Plow |
| 18:22 | Research | Heavy Plow |
| 18:26 | Research | Bow Saw |
| 18:33 | Create | Villager (Male) |
| 18:33 | Create | Villager (Male) |
| 19:18 | Build | Monastery |
| 19:23 | Create | Villager (Male) |
| 19:24 | Create | Villager (Male) |
| 19:24 | Create | Villager (Male) |
| 19:40 | Create | Villager (Male) |
| 19:40 | Create | Villager (Male) |
| 19:40 | Create | Villager (Male) |
| 19:43 | Create | Villager (Male) |
| 20:09 | Create | Monk |
| 20:10 | Create | Monk |
| 20:19 | Create | Villager (Male) |
| 20:37 | Build | House |
| 20:39 | Build | House |
| 20:41 | Create | Villager (Male) |
| 20:42 | Create | Villager (Male) |
| 20:43 | Create | Villager (Male) |
| 21:16 | Create | Villager (Male) |
| 21:16 | Create | Villager (Male) |
| 21:16 | Create | Villager (Male) |
| 21:17 | Create | Villager (Male) |
| 21:19 | Build | Town Center |
| 21:36 | Create | Monk |
| 21:53 | Create | Villager (Male) |
| 21:54 | Create | Villager (Male) |
| 21:54 | Create | Villager (Male) |
| 21:54 | Create | Villager (Male) |
| 22:00 | Build | Barracks |
| 22:05 | Build | Lumber Camp |
| 22:10 | Research | Wheelbarrow |
| 22:11 | Create | Villager (Male) |
| 22:12 | Create | Villager (Male) |
| 22:16 | Build | House |
| 22:17 | Build | House |
| 22:18 | Build | House |
| 22:19 | Build | House |
| 22:20 | Build | House |
| 22:21 | Build | House |
| 22:22 | Build | House |
| 22:23 | Build | House |
| 22:24 | Build | House |
| 22:30 | Create | Monk |
| 22:43 | Create | Villager (Male) |
| 22:44 | Create | Villager (Male) |
| 23:05 | Create | Villager (Male) |
| 23:06 | Create | Villager (Male) |
| 23:14 | Build | Farm |
| 23:15 | Build | Farm |
| 23:16 | Build | Farm |
| 23:17 | Build | Farm |
| 23:19 | Build | Farm |
| 23:20 | Build | Farm |
| 23:22 | Build | Farm |
| 23:25 | Build | Farm |
| 23:30 | Build | Farm |
| 23:31 | Create | Villager (Male) |
| 23:31 | Create | Villager (Male) |
| 23:31 | Create | Villager (Male) |
| 23:57 | Create | Villager (Male) |
| 23:57 | Create | Villager (Male) |
| 24:03 | Build | Farm |
| 24:04 | Build | Farm |
| 24:05 | Build | Farm |
| 24:07 | Build | Farm |
| 24:08 | Build | Farm |
Build order — Gueich
First 150 of 400 actions detected
| 0:01 | Create | Villager (Male) |
| 0:01 | Create | Villager (Male) |
| 0:02 | Create | Villager (Male) |
| 0:03 | Build | House |
| 0:06 | Build | House |
| 1:02 | Create | Villager (Male) |
| 1:40 | Create | Villager (Male) |
| 2:07 | Create | Villager (Male) |
| 2:08 | Create | Villager (Male) |
| 2:49 | Create | Villager (Male) |
| 2:49 | Create | Villager (Male) |
| 3:20 | Create | Villager (Male) |
| 3:27 | Build | Lumber Camp |
| 3:30 | Create | Villager (Male) |
| 3:30 | Create | Villager (Male) |
| 3:56 | Build | House |
| 4:18 | Create | Villager (Male) |
| 4:26 | Create | Villager (Male) |
| 4:55 | Create | Villager (Male) |
| 5:11 | Create | Villager (Male) |
| 5:21 | Create | Villager (Male) |
| 5:54 | Create | Villager (Male) |
| 6:19 | Create | Villager (Male) |
| 6:26 | Build | Mill |
| 6:51 | Research | Loom |
| 6:54 | Create | Villager (Male) |
| 6:56 | Research | Loom |
| 7:11 | Build | House |
| 7:16 | Create | Villager (Male) |
| 8:05 | Research | Feudal Age |
| 8:10 | Build | Mining Camp |
| 8:28 | Research | Double-Bit Axe |
| 8:54 | Create | Villager (Male) |
| 9:05 | Build | House |
| 9:40 | Create | Villager (Male) |
| 10:14 | Build | Farm |
| 10:15 | Age | Feudal Age |
| 10:26 | Build | Barracks |
| 10:33 | Create | Villager (Male) |
| 10:37 | Create | Villager (Male) |
| 10:43 | Build | Farm |
| 10:50 | Build | Farm |
| 10:54 | Create | Villager (Male) |
| 11:13 | Build | Outpost |
| 11:20 | Create | Villager (Male) |
| 11:23 | Build | Farm |
| 11:40 | Create | Flemish Militia |
| 11:41 | Create | Flemish Militia |
| 11:45 | Build | Farm |
| 11:54 | Build | Farm |
| 11:59 | Create | Villager (Male) |
| 12:15 | Build | Outpost |
| 12:18 | Build | Outpost |
| 12:20 | Create | Villager (Male) |
| 12:24 | Create | Flemish Militia |
| 12:28 | Create | Villager (Male) |
| 12:31 | Build | House |
| 12:39 | Build | Farm |
| 13:04 | Create | Villager (Male) |
| 13:15 | Build | Farm |
| 13:16 | Create | Villager (Male) |
| 13:28 | Build | House |
| 13:47 | Create | Flemish Militia |
| 13:48 | Create | Villager (Male) |
| 14:00 | Build | Market |
| 14:09 | Build | House |
| 14:11 | Create | Villager (Male) |
| 14:23 | Create | Flemish Militia |
| 14:25 | Create | Villager (Male) |
| 14:30 | Build | Farm |
| 14:44 | Build | House |
| 14:46 | Create | Villager (Male) |
| 14:55 | Build | Farm |
| 15:12 | Build | Stable |
| 15:30 | Build | Farm |
| 15:40 | Build | Outpost |
| 15:57 | Build | Farm |
| 16:17 | Research | Castle Age |
| 16:27 | Create | Scout Cavalry |
| 16:27 | Create | Scout Cavalry |
| 16:48 | Build | Farm |
| 16:52 | Research | Bow Saw |
| 16:56 | Research | Horse Collar |
| 17:38 | Create | Villager (Male) |
| 17:48 | Build | Blacksmith |
| 17:57 | Create | Flemish Militia |
| 17:58 | Create | Flemish Militia |
| 18:37 | Create | Villager (Male) |
| 18:51 | Create | Villager (Male) |
| 18:57 | Age | Castle Age |
| 19:03 | Build | Mining Camp |
| 19:35 | Create | Villager (Male) |
| 19:43 | Research | Arson |
| 19:44 | Create | Villager (Male) |
| 20:02 | Build | Town Center |
| 20:06 | Create | Villager (Male) |
| 20:19 | Create | Flemish Militia |
| 20:19 | Create | Flemish Militia |
| 20:20 | Create | Villager (Male) |
| 20:22 | Create | Villager (Male) |
| 20:29 | Research | Scale Mail Armor |
| 20:30 | Research | Forging |
| 20:31 | Create | Villager (Male) |
| 20:37 | Create | Villager (Male) |
| 21:02 | Build | Siege Workshop |
| 21:11 | Build | House |
| 21:11 | Build | House |
| 21:33 | Research | Wheelbarrow |
| 21:38 | Research | Chain Mail Armor |
| 21:53 | Create | Villager (Male) |
| 21:53 | Create | Villager (Male) |
| 21:56 | Build | Farm |
| 22:09 | Create | Villager (Male) |
| 22:12 | Research | Light Cavalry (upgrade) |
| 22:13 | Research | Husbandry |
| 22:18 | Build | Farm |
| 22:19 | Create | Villager (Male) |
| 22:26 | Create | Villager (Male) |
| 22:26 | Create | Villager (Male) |
| 22:55 | Create | Scout Cavalry |
| 22:55 | Create | Scout Cavalry |
| 22:57 | Create | Scout Cavalry |
| 22:59 | Create | Villager (Male) |
| 23:07 | Build | Farm |
| 23:12 | Build | Monastery |
| 23:21 | Create | Villager (Male) |
| 23:23 | Build | Farm |
| 23:25 | Build | Farm |
| 23:35 | Create | Villager (Male) |
| 23:44 | Build | Mining Camp |
| 24:00 | Create | Scorpion |
| 24:00 | Create | Scorpion |
| 24:03 | Create | Villager (Male) |
| 24:06 | Create | Scout Cavalry |
| 24:07 | Create | Scout Cavalry |
| 24:07 | Create | Scout Cavalry |
| 24:16 | Create | Villager (Male) |
| 24:20 | Build | Farm |
| 24:25 | Build | Farm |
| 24:29 | Build | Farm |
| 24:33 | Create | Villager (Male) |
| 24:34 | Create | Villager (Male) |
| 24:43 | Build | Farm |
| 24:48 | Build | Farm |
| 24:51 | Build | Farm |
| 24:51 | Create | Villager (Male) |
| 25:11 | Create | Scorpion |
| 25:36 | Create | Scorpion |
| 25:38 | Create | Villager (Male) |
| 25:51 | Create | Scout Cavalry |
Build order — ピノキオピー
First 150 of 213 actions detected
| 0:03 | Build | House |
| 0:06 | Build | House |
| 0:09 | Create | Villager (Male) |
| 0:09 | Create | Villager (Male) |
| 0:09 | Create | Villager (Male) |
| 0:10 | Create | Villager (Male) |
| 0:10 | Create | Villager (Male) |
| 1:40 | Create | Villager (Male) |
| 1:40 | Create | Villager (Male) |
| 2:12 | Create | Villager (Male) |
| 2:12 | Create | Villager (Male) |
| 2:30 | Create | Villager (Male) |
| 2:30 | Create | Villager (Male) |
| 2:57 | Create | Villager (Male) |
| 2:57 | Create | Villager (Male) |
| 3:11 | Create | Villager (Male) |
| 3:47 | Build | House |
| 3:48 | Build | House |
| 3:52 | Create | Villager (Male) |
| 3:52 | Create | Villager (Male) |
| 3:53 | Create | Villager (Male) |
| 4:27 | Create | Villager (Male) |
| 4:28 | Create | Villager (Male) |
| 4:46 | Create | Villager (Male) |
| 5:08 | Build | Palisade Wall |
| 5:12 | Build | Palisade Gate |
| 5:31 | Create | Villager (Male) |
| 6:11 | Create | Villager (Male) |
| 6:12 | Create | Villager (Male) |
| 6:12 | Create | Villager (Male) |
| 6:12 | Create | Villager (Male) |
| 6:26 | Create | Villager (Male) |
| 6:39 | Build | Mining Camp |
| 6:43 | Build | Mining Camp |
| 7:22 | Build | Mill |
| 8:47 | Build | Lumber Camp |
| 8:59 | Research | Loom |
| 9:04 | Research | Feudal Age |
| 10:48 | Build | House |
| 10:49 | Build | House |
| 11:04 | Create | Villager (Male) |
| 11:04 | Create | Villager (Male) |
| 11:14 | Age | Feudal Age |
| 11:55 | Build | Blacksmith |
| 12:19 | Create | Villager (Male) |
| 12:52 | Build | Barracks |
| 13:54 | Build | Archery Range |
| 14:03 | Create | Villager (Male) |
| 14:30 | Research | Horse Collar |
| 14:52 | Build | Farm |
| 14:55 | Research | Castle Age |
| 14:55 | Research | Castle Age |
| 16:34 | Research | Double-Bit Axe |
| 16:41 | Build | Farm |
| 16:48 | Build | Farm |
| 16:50 | Build | Farm |
| 16:51 | Build | Farm |
| 16:52 | Build | Farm |
| 16:54 | Build | Farm |
| 16:55 | Build | Farm |
| 16:56 | Build | Farm |
| 16:58 | Build | Farm |
| 16:59 | Build | Farm |
| 17:35 | Age | Castle Age |
| 17:37 | Build | Town Center |
| 17:42 | Create | Villager (Male) |
| 17:42 | Create | Villager (Male) |
| 17:42 | Create | Villager (Male) |
| 18:24 | Create | Villager (Male) |
| 18:24 | Create | Villager (Male) |
| 19:14 | Build | Siege Workshop |
| 19:28 | Create | Villager (Male) |
| 19:28 | Create | Villager (Male) |
| 19:34 | Create | Villager (Male) |
| 19:34 | Create | Villager (Male) |
| 19:40 | Research | Bow Saw |
| 19:57 | Create | Scorpion |
| 20:03 | Build | Farm |
| 20:14 | Build | House |
| 20:15 | Build | House |
| 20:20 | Create | Villager (Male) |
| 20:20 | Create | Villager (Male) |
| 20:23 | Create | Villager (Male) |
| 20:28 | Build | Farm |
| 20:30 | Create | Villager (Male) |
| 20:36 | Create | Villager (Male) |
| 20:58 | Build | Farm |
| 21:04 | Create | Villager (Male) |
| 21:20 | Build | House |
| 21:39 | Build | Town Center |
| 21:44 | Create | Villager (Male) |
| 21:44 | Create | Villager (Male) |
| 21:57 | Build | Farm |
| 21:59 | Create | Villager (Male) |
| 21:59 | Create | Villager (Male) |
| 22:14 | Build | Farm |
| 22:27 | Build | Farm |
| 22:31 | Create | Villager (Male) |
| 22:33 | Create | Villager (Male) |
| 22:51 | Build | Farm |
| 22:53 | Create | Villager (Male) |
| 22:59 | Create | Villager (Male) |
| 23:00 | Create | Villager (Male) |
| 23:14 | Research | Stone Mining |
| 23:16 | Research | Gold Mining |
| 23:22 | Build | Farm |
| 23:24 | Research | Heavy Plow |
| 23:28 | Create | Villager (Male) |
| 23:38 | Build | Farm |
| 23:39 | Build | Farm |
| 23:40 | Create | Villager (Male) |
| 23:58 | Create | Villager (Male) |
| 24:02 | Create | Villager (Male) |
| 24:03 | Create | Villager (Male) |
| 24:05 | Build | Farm |
| 24:09 | Build | Farm |
| 24:14 | Create | Villager (Male) |
| 24:14 | Create | Villager (Male) |
| 24:35 | Create | Cavalry Archer |
| 24:35 | Create | Cavalry Archer |
| 24:35 | Create | Cavalry Archer |
| 24:36 | Create | Cavalry Archer |
| 24:53 | Research | Fletching |
| 24:54 | Research | Padded Archer Armor |
| 25:01 | Build | University |
| 25:18 | Build | Castle |
| 25:45 | Build | House |
| 25:46 | Build | House |
| 25:50 | Research | Wheelbarrow |
| 25:52 | Create | Villager (Male) |
| 25:52 | Create | Villager (Male) |
| 25:58 | Create | Villager (Male) |
| 25:59 | Create | Villager (Male) |
| 26:14 | Build | Farm |
| 27:42 | Create | Skirmisher |
| 27:46 | Create | Cavalry Archer |
| 27:46 | Create | Cavalry Archer |
| 27:47 | Create | Cavalry Archer |
| 28:06 | Build | Building 673 |
| 28:22 | Build | Stone Wall |
| 28:56 | Build | Archery Range |
| 29:32 | Research | Ballistics |
| 29:47 | Create | Skirmisher |
| 29:47 | Create | Skirmisher |
| 29:56 | Build | House |
| 29:57 | Build | House |
| 30:06 | Create | Cavalry Archer |
| 30:06 | Create | Cavalry Archer |
| 30:07 | Create | Cavalry Archer |
| 34:46 | Build | Town Center |
Build order — nanbo1
First 150 of 353 actions detected
| 0:04 | Create | Villager (Male) |
| 0:04 | Create | Villager (Male) |
| 0:05 | Create | Villager (Male) |
| 0:05 | Create | Villager (Male) |
| 0:05 | Create | Villager (Male) |
| 0:07 | Build | House |
| 0:10 | Build | House |
| 1:55 | Create | Villager (Male) |
| 2:17 | Build | Lumber Camp |
| 2:19 | Create | Villager (Male) |
| 2:19 | Create | Villager (Male) |
| 3:06 | Create | Villager (Male) |
| 3:06 | Create | Villager (Male) |
| 3:06 | Create | Villager (Male) |
| 3:16 | Build | House |
| 3:17 | Build | House |
| 3:38 | Build | House |
| 3:57 | Create | Villager (Male) |
| 3:57 | Create | Villager (Male) |
| 4:00 | Build | House |
| 4:01 | Build | House |
| 4:14 | Build | House |
| 4:22 | Create | Villager (Male) |
| 4:22 | Create | Villager (Male) |
| 4:23 | Create | Villager (Male) |
| 5:10 | Create | Villager (Male) |
| 5:10 | Create | Villager (Male) |
| 5:10 | Create | Villager (Male) |
| 5:56 | Create | Villager (Male) |
| 5:56 | Create | Villager (Male) |
| 6:09 | Build | Mill |
| 6:20 | Create | Villager (Male) |
| 6:21 | Create | Villager (Male) |
| 6:21 | Create | Villager (Male) |
| 6:52 | Create | Villager (Male) |
| 6:52 | Create | Villager (Male) |
| 7:03 | Build | Mining Camp |
| 7:07 | Build | Mining Camp |
| 7:38 | Create | Villager (Male) |
| 7:38 | Create | Villager (Male) |
| 8:30 | Research | Feudal Age |
| 8:44 | Build | Farm |
| 9:29 | Build | Farm |
| 9:41 | Build | Farm |
| 9:44 | Build | Farm |
| 10:08 | Create | Villager (Male) |
| 10:09 | Create | Villager (Male) |
| 11:05 | Build | Farm |
| 11:06 | Build | Farm |
| 11:10 | Age | Feudal Age |
| 11:16 | Build | Blacksmith |
| 11:24 | Build | Market |
| 11:31 | Build | Market |
| 12:04 | Research | Loom |
| 12:19 | Build | Mill |
| 12:28 | Research | Castle Age |
| 12:29 | Research | Castle Age |
| 13:02 | Build | Building 490 |
| 13:05 | Build | House |
| 13:08 | Build | Stone Wall |
| 14:25 | Research | Double-Bit Axe |
| 14:53 | Create | Villager (Male) |
| 14:53 | Create | Villager (Male) |
| 15:09 | Age | Castle Age |
| 15:32 | Build | Barracks |
| 15:38 | Research | Bow Saw |
| 15:41 | Build | Farm |
| 15:50 | Research | Horse Collar |
| 16:02 | Create | Villager (Male) |
| 16:02 | Create | Villager (Male) |
| 16:05 | Create | Villager (Male) |
| 16:40 | Build | Siege Workshop |
| 16:44 | Create | Militia |
| 16:44 | Create | Militia |
| 16:51 | Create | Villager (Male) |
| 17:15 | Build | House |
| 17:15 | Build | House |
| 17:32 | Build | Mill |
| 17:33 | Create | Villager (Male) |
| 17:34 | Create | Villager (Male) |
| 17:38 | Create | Battering Ram |
| 17:39 | Create | Battering Ram |
| 17:41 | Research | Man-at-Arms (upgrade) |
| 17:45 | Research | Wheelbarrow |
| 17:52 | Research | Scale Mail Armor |
| 17:52 | Research | Forging |
| 18:23 | Build | Farm |
| 18:26 | Create | Villager (Male) |
| 18:51 | Create | Villager (Male) |
| 18:53 | Research | Long Swordsman (upgrade) |
| 18:55 | Create | Militia |
| 18:55 | Create | Militia |
| 19:03 | Create | Villager (Male) |
| 19:18 | Build | Farm |
| 19:40 | Create | Militia |
| 19:40 | Create | Militia |
| 19:49 | Create | Battering Ram |
| 19:49 | Create | Battering Ram |
| 19:58 | Research | Chain Mail Armor |
| 20:03 | Create | Villager (Male) |
| 20:29 | Build | Lumber Camp |
| 20:48 | Build | House |
| 20:51 | Build | House |
| 20:52 | Build | House |
| 20:58 | Create | Villager (Male) |
| 20:59 | Create | Villager (Male) |
| 21:02 | Create | Militia |
| 21:10 | Research | Town Watch |
| 21:32 | Research | Iron Casting |
| 21:34 | Create | Battering Ram |
| 21:37 | Create | Militia |
| 21:37 | Create | Militia |
| 21:43 | Create | Villager (Male) |
| 21:54 | Build | House |
| 21:55 | Build | House |
| 21:56 | Build | House |
| 22:00 | Build | House |
| 22:01 | Build | House |
| 22:03 | Create | Militia |
| 22:03 | Create | Militia |
| 22:10 | Create | Villager (Male) |
| 22:22 | Create | Villager (Male) |
| 22:34 | Build | Farm |
| 22:38 | Build | Farm |
| 22:41 | Create | Villager (Male) |
| 22:43 | Create | Militia |
| 23:01 | Create | Militia |
| 23:04 | Create | Villager (Male) |
| 23:17 | Build | Farm |
| 23:20 | Create | Battering Ram |
| 23:20 | Create | Battering Ram |
| 23:25 | Create | Militia |
| 23:26 | Create | Militia |
| 23:40 | Research | Pikeman (upgrade) |
| 23:42 | Create | Spearman |
| 23:42 | Create | Spearman |
| 24:16 | Create | Villager (Male) |
| 24:16 | Create | Villager (Male) |
| 24:20 | Create | Spearman |
| 24:21 | Create | Spearman |
| 24:26 | Create | Battering Ram |
| 24:41 | Create | Villager (Male) |
| 25:07 | Create | Spearman |
| 25:09 | Create | Villager (Male) |
| 25:09 | Create | Villager (Male) |
| 25:17 | Build | Town Center |
| 25:19 | Create | Villager (Male) |
| 25:19 | Create | Villager (Male) |
| 25:30 | Create | Villager (Male) |
| 25:37 | Build | Lumber Camp |
Match timeline
| 4:23 | tanbuiminh2000 · wall_segment Palisade Wall x6 |
| 4:51 | Scout Conquer · wall_segment Palisade Wall x1 |
| 4:53 | Scout Conquer · wall_segment Palisade Wall x1 |
| 4:53 | Scout Conquer · wall_segment Palisade Wall x1 |
| 5:08 | ピノキオピー · wall_segment Palisade Wall x5 |
| 9:16 | Le_Dov · wall_segment Palisade Wall x7 |
| 9:26 | Le_Dov · wall_segment Palisade Wall x6 |
| 10:15 | Gueich · age_up feudal |
| 10:26 | Gueich · first_building Barracks |
| 10:36 | tanbuiminh2000 · age_up feudal |
| 10:47 | Le_Dov · age_up feudal |
| 11:00 | COCO · age_up feudal |
| 11:10 | nanbo1 · age_up feudal |
| 11:14 | ピノキオピー · age_up feudal |
| 11:46 | Scout Conquer · age_up feudal |
| 11:52 | Le_Dov · first_building Barracks |
| 11:57 | Yuanchi · age_up feudal |
| 12:06 | Yuanchi · wall_segment Stone Wall x23 |
| 12:39 | COCO · wall_segment Stone Wall x15 |
| 12:52 | ピノキオピー · first_building Barracks |
| 13:08 | nanbo1 · wall_segment Stone Wall x1 |
| 13:54 | ピノキオピー · first_building Archery Range |
| 15:02 | COCO · first_market_sell 100 wood |
| 15:03 | COCO · first_market_buy 100 food |
| 15:09 | nanbo1 · age_up castle |
| 15:12 | Gueich · first_building Stable |
| 15:21 | Gueich · first_market_buy 100 food |
| 15:22 | Gueich · first_market_sell 100 stone |
| 15:32 | nanbo1 · first_building Barracks |
| 16:40 | nanbo1 · first_building Siege Workshop |
| 16:43 | tanbuiminh2000 · first_market_buy 100 wood |
| 17:35 | ピノキオピー · age_up castle |
| 17:51 | Le_Dov · first_building Stable |
| 17:54 | COCO · age_up castle |
| 17:58 | Scout Conquer · age_up castle |
| 18:30 | tanbuiminh2000 · age_up castle |
| 18:37 | COCO · first_building Barracks |
| 18:57 | Gueich · age_up castle |
| 19:14 | ピノキオピー · first_building Siege Workshop |
| 19:18 | Scout Conquer · first_building Monastery |
| 19:28 | Le_Dov · wall_segment Stone Wall x6 |
| 19:29 | COCO · first_building Archery Range |
| 19:41 | Le_Dov · wall_segment Stone Wall x5 |
| 19:48 | Le_Dov · wall_segment Stone Wall x3 |
| 19:49 | Yuanchi · first_building Barracks |
| 20:32 | Yuanchi · age_up castle |
| 21:02 | Gueich · first_building Siege Workshop |
| 21:20 | tanbuiminh2000 · first_building Castle |
| 21:29 | Le_Dov · age_up castle |
| 22:00 | Scout Conquer · first_building Barracks |
| 22:37 | tanbuiminh2000 · first_building Siege Workshop |
| 23:01 | Yuanchi · wall_segment Stone Wall x3 |
| 23:12 | Gueich · first_building Monastery |
| 23:31 | Yuanchi · wall_segment Stone Wall x9 |
| 24:26 | Le_Dov · first_building Castle |
| 24:41 | Yuanchi · first_building Castle |
| 25:18 | ピノキオピー · first_building Castle |
| 25:45 | Yuanchi · first_building Stable |
| 25:59 | Le_Dov · first_building Siege Workshop |
| 26:03 | COCO · first_building Stable |
| 26:05 | Scout Conquer · first_building Archery Range |
| 26:39 | COCO · first_building Castle |
| 27:25 | Scout Conquer · first_building Castle |
| 28:22 | ピノキオピー · wall_segment Stone Wall x1 |
| 28:27 | Yuanchi · first_building Siege Workshop |
| 28:28 | Scout Conquer · first_building Siege Workshop |
| 28:55 | tanbuiminh2000 · first_building Barracks |
| 30:51 | tanbuiminh2000 · first_market_sell 100 wood |
| 30:59 | Gueich · first_building Castle |
| 32:28 | Le_Dov · age_up imperial |
| 32:56 | nanbo1 · first_market_buy 100 stone |
| 34:18 | Gueich · age_up imperial |
| 34:21 | Le_Dov · tribute_sent a jugador 2 |
| 34:21 | Le_Dov · tribute_sent a jugador 3 |
| 34:21 | Le_Dov · tribute_sent a jugador 4 |
| 34:21 | Le_Dov · tribute_sent a jugador 5 |
| 34:21 | Le_Dov · tribute_sent a jugador 6 |
| 34:21 | Le_Dov · tribute_sent a jugador 7 |
| 34:21 | Le_Dov · tribute_sent a jugador 8 |
| 34:28 | Scout Conquer · age_up imperial |
| 34:45 | tanbuiminh2000 · age_up imperial |
| 34:59 | nanbo1 · first_market_sell 100 wood |
| 36:08 | ピノキオピー · wall_segment Stone Wall x12 |
| 36:11 | Yuanchi · age_up imperial |
| 36:56 | COCO · age_up imperial |
| 39:07 | nanbo1 · age_up imperial |
| 39:26 | nanbo1 · wall_segment Stone Wall x3 |
| 41:38 | tanbuiminh2000 · first_building Stable |
| 42:13 | Yuanchi · wall_segment Stone Wall x13 |
| 42:21 | Yuanchi · wall_segment Stone Wall x3 |
| 43:16 | COCO · resign |
[ AI ANALYSIS · 1 CREDIT ]
What really happened in this match?
Wolo.gg analyzes every decision: build order, eco, micro, common mistakes by bracket. Personalized analysis on WhatsApp or Discord in 30 seconds.
Civ guide
Britons
Map guide
Glade
Perfil
COCO